 Dungeon Crawl Stone Soup version 0.22.1-1-ga44c0e5 (webtiles) character file.

177 buskinjo2 the Slasher (level 5, -3/36 HPs)
             Began as an Octopode Chaos Knight on Sept 30, 2018.
             Slain by a white imp (5 damage)
             ... summoned by Natasha
             ... on level 3 of the Dungeon.
             The game lasted 00:09:02 (3043 turns).

buskinjo2 the Slasher (Octopode Chaos Knight)       Turns: 3043, Time: 00:09:04

Health: -3/36      AC:  1    Str: 18      XL:     5   Next: 57%
Magic:  5/5        EV: 13    Int: 14      God:    Xom [*.....]
Gold:   90         SH:  0    Dex:  6 (11) Spells: 4/4 levels left

rFire    . . .     SeeInvis .   a - +0 falchion (chaos)
rCold    . . .     Gourm    .   (no shield)
rNeg     . . .     Faith    .   (helmet restricted)
rPois    .         Spirit   .   (no amulet)
rElec    .         Reflect  .   e - ring of flight
rCorr    .         Harm     .   (no ring)
MR       .....                  (no ring)
Stlth    +++.......             (no ring)
HPRegen  0.12/turn              (no ring)
MPRegen  0.09/turn              (no ring)
                                (no ring)
                                (no ring)

@: mighty, slowed, very slow
A: almost no armour, stealthy swim, amphibious, 8 rings, constrict 8, camouflage
1, gelatinous body 1
a: Renounce Religion, Evoke Flight


You were on level 3 of the Dungeon.
You worshipped Xom.
You were a special plaything of Xom.
You were hungry.

You visited 1 branch of the dungeon, and saw 3 of its levels.

You collected 90 gold pieces.

Inventory:

Hand Weapons
 a - a +0 falchion of chaos (weapon)
Missiles
 c - 181 stones (quivered)
Jewellery
 e - a ring of flight (left tentacle)
 j - an uncursed ring of stealth {unknown}
Scrolls
 d - a scroll of blinking {unknown}
 h - a scroll of remove curse {unknown}
 o - a scroll of identify
 p - a scroll of random uselessness {unknown}
Potions
 f - a potion of mutation {unknown}
 g - a potion of ambrosia
 i - 2 potions of curing
 l - a potion of flight {unknown}
 m - 2 potions of lignification {unknown}
 n - 2 potions of brilliance {unknown}
Comestibles
 b - 2 rations


   Skills:
 - Level 3.0 Fighting
 * Level 5.7 Long Blades
 - Level 2.3 Dodging
 + Level 2.5 Stealth


You had 4 spell levels left.
You didn't know any spells.
Your spell library was empty.

Dungeon Overview and Level Annotations

Branches:
Dungeon (3/15)

Altars:
Hepliaklqana
Nemelex Xobeh
Xom

Annotations:
D:2 Sigmund
D:3 Natasha


Innate Abilities, Weirdness & Mutations

You cannot wear most types of armour.
You are very stealthy in the water. (Stealth+)
You are amphibious.
You can wear up to eight rings at the same time.
You can use your tentacles to constrict eight enemies at once.
Your skin changes colour to match your surroundings (Stealth+).
Your rubbery body absorbs attacks. (AC +1, EV +1)


Message History

You closely miss Natasha. Your grab misses Natasha. Natasha claws you!
Natasha mumbles some strange words.
You hit Natasha. You freeze Natasha. Your grab misses Natasha.
Natasha is lightly wounded.
Natasha claws you.
You are too injured to fight recklessly!
You are too injured to fight recklessly!
You feel better. Natasha claws you! The white imp gestures at you.
The puff of frost hits you!
* * * LOW HITPOINT WARNING * * *
Natasha mumbles some strange words.
It was a potion of might.
You feel very mighty all of a sudden.
Xom thinks this is hilarious!
Natasha barely misses you. The white imp misses you. The white imp hits you.
* * * LOW HITPOINT WARNING * * *
The white imp freezes you.
You die...
Xom thinks this is hilarious!

####.....#.# #....#.# ..
#...#.#.# #....#.# #.##
#####...# #....#.# ....
...### #....... ..... .....
....##.
.....#######....############
...........#.#..#...........
#....#..<#.#...........†.<
#...))(.#@5..># .........
#..#....(5h...# ##.######
#########.....# #
.......).....# #
#########....# ###### ##.#.#
.....# #.#.# .♣.♣.## #.# #
..♣.♣.# #.#


You could see Natasha and 2 white imps.

Vanquished Creatures
  Jessica (D:3)
  Natasha (D:3)
  3 adders
  3 oozes
  4 worms
  A leopard gecko (D:2)
  6 orcs (D:3)
  5 ball pythons
  6 bats
  4 giant cockroaches
  5 goblins
  4 hobgoblins
  A jackal (D:2)
  14 frilled lizards
  9 kobolds
  14 rats
81 creatures vanquished.

Notes
Turn   | Place    | Note
-------+----------+-------------------------------------------
     0 | D:1      | buskinjo2 the Octopode Chaos Knight began the quest for the
                  | Orb.
     0 | D:1      | Reached XP level 1. HP: 16/16 MP: 1/1
     9 | D:1      | XOM: harmless Fire miscast
   108 | D:1      | Reached XP level 2. HP: 16/21 MP: 2/2
   206 | D:1      | XOM: silly message
   304 | D:1      | Reached skill level 4 in Long Blades
   369 | D:1      | XOM: silly message
   391 | D:1      | Reached XP level 3. HP: 20/26 MP: 3/3
   486 | D:1      | XOM: divination: magic mapping
   585 | D:1      | XOM: harmless Chrm miscast
   798 | D:1      | XOM: harmless Summ miscast
   893 | D:2      | Noticed Sigmund
  1000 | D:2      | XOM: butterfly on damage
  1166 | D:2      | Reached XP level 4. HP: 18/31 MP: 4/4
  1513 | D:2      | Found a sparkling altar of Nemelex Xobeh.
  1733 | D:2      | Reached skill level 5 in Long Blades
  1793 | D:2      | XOM: divination: magic mapping
  1883 | D:2      | Found a hazy altar of Hepliaklqana.
  1908 | D:2      | XOM: scenery: create altars
  2209 | D:3      | Noticed Jessica
  2212 | D:3      | Killed Jessica
  2212 | D:3      | Reached skill level 1 in Stealth
  2219 | D:3      | Reached XP level 5. HP: 23/36 MP: 5/5
  2606 | D:3      | Noticed Natasha
  2612 | D:3      | Killed Natasha
  2675 | D:3      | Found a faded altar of an unknown god.
  2734 | D:3      | XOM: summons 2 hostile demons
  3027 | D:3      | Noticed Natasha
  3043 | D:3      | Slain by a white imp

Skill      XL: |  1  2  3  4  5 |
---------------+----------------+-----
Long Blades    | 4 5 |  5.7
Stealth        | 1 2 |  2.5
Fighting       | |  3.0
Dodging        | |  2.3

Action                   |  1- 3 |  4- 6 || total
-------------------------+-------+-------++-------
Melee: Falchion          |    63 |    81 ||   144
       Constrict         |    23 |    14 ||    37
       Tentacles         |    10 |    17 ||    27
Throw: Stone             |     4 |    11 ||    15
  Use: Scroll            |     1 |     2 ||     3
       Potion            |       |     2 ||     2
 Stab: Sleeping          |     7 |     7 ||    14
       Distracted        |     1 |       ||     1
       Petrified         |       |     2 ||     2
       Petrifying        |       |     1 ||     1
  Eat: Chunk             |       |     6 ||     6
Armor: Skin              |     6 |     9 ||    15
Dodge: Dodged            |    29 |    66 ||    95
       Rpst.: Falchion   |    13 |    11 ||    24
